 Dungeon Crawl Stone Soup version 0.29-a0-330-g52719c12eb (webtiles) character file.

Game seed: 11300129911467030956

91 kae the Firebug (level 4, -1/25 HPs)
             Began as a Deep Elf Fire Elementalist on May 4, 2022.
             Slain by a mummy (16 damage)
             ... in an ossuary.
             The game lasted 00:02:23 (3520 turns).

kae the Firebug (Deep Elf Fire Elementalist)        Turns: 3520, Time: 00:02:24

Health: -1/25      AC:  2    Str:  5    XL:     4   Next: 34%
Magic:  3/11       EV: 13    Int: 22    God:
Gold:   109        SH:  0    Dex: 15    Spells: 4/10 levels left

rFire   . . .      SeeInvis .   e - staff of conjuration
rCold   . . .      Faith    .   (no shield)
rNeg    . . .      Spirit   .   a - +0 robe
rPois   .          Reflect  .   (no helmet)
rElec   .          Harm     .   (no cloak)
rCorr   .          Rampage  .   (no gloves)
Will    .....                   (no boots)
Stlth   ++........              (no amulet)
HPRegen 0.08/turn               (no ring)
MPRegen 0.12/turn               (no ring)

@: no status effects
A: no striking features
a: no special abilities


You were in an ossuary.
You visited 1 branch of the dungeon, and saw 4 of its levels.
You also visited: Ossuary.

You collected 109 gold pieces.

Inventory:

Armour
 a - a +0 robe (worn)
Magical Staves
 e - a staff of conjuration (weapon)
Jewellery
 g - a +6 ring of dexterity
Scrolls
 c - a scroll of identify
Potions
 b - a potion of magic
 d - a potion of attraction
 f - a potion of lignification
 h - a potion of might
 i - a potion of heal wounds {unknown}


   Skills:
 + Level 1.1 Fighting
 + Level 3.2 Dodging
 - Level 2.4 Stealth
 + Level 3.6 Spellcasting
 + Level 2.0 Conjurations
 * Level 4.2 Fire Magic


You had 4 spell levels left.
You knew the following spells:

 Your Spells              Type           Power      Damage    Failure   Level
a - Foxfire               Conj/Fire      100%       2x1d9     3%          1
b - Scorch                Fire           44%        2d7       3%          2
c - Conjure Flame         Conj/Fire      26%        6-21      10%         3

Your spell library contained the following spells:

 Spells                   Type           Power      Damage    Failure   Level
 Sting                    Tmut/Pois      16%        1d3       12%         1
 Inner Flame              Hex/Fire       13%        N/A       14%         3
 Poisonous Vapours        Pois/Air       8%         N/A       19%         2
 Flame Wave               Conj/Fire      26%        2d7       30%         4
 Summon Guardian Golem    Hex/Summ       4%         N/A       34%         3
 Olgreb's Toxic Radiance  Pois           4%         N/A       75%         4
 Orb of Destruction       Conj           9%         9d6       100%        7
 Spellforged Servitor     Conj/Summ      6%         N/A       100%        7


Dungeon Overview and Level Annotations

Branches:
Dungeon (4/15)            Ossuary (1/1)
 Temple: D:4-7

Altars:
Fedhas
Nemelex Xobeh
Sif Muna


Message History

Casting: Foxfire (safe; 3% risk of failure)
Confirm with . or Enter, or press ? or * to list all spells.
You feel a surge of power!
You conjure some foxfire!
You start resting.
Your foxfire dissipates!
You start resting.
Your foxfire dissipates!
There is a sand-covered staircase here.
The world spins around you as you enter the gateway.
You enter an ossuary!
Found a gate leading back out of this place.
There is an empty arch of ancient stone here.
Casting: Foxfire (safe; 3% risk of failure)
Confirm with . or Enter, or press ? or * to list all spells.
You feel a surge of power!
You conjure some foxfire!
The foxfire hits the mummy!
The mummy is burned terribly!
The mummy is severely damaged.
The foxfire hits the mummy but does no damage.
The mummy is severely damaged.
Casting: Foxfire (safe; 3% risk of failure)
Confirm with . or Enter, or press ? or * to list all spells.
You feel a surge of power!
You conjure some foxfire!
The foxfire hits the mummy.
The mummy is burned terribly!
The mummy is moderately damaged.
The foxfire hits the mummy but does no damage.
The mummy is moderately damaged.
Casting: Foxfire (safe; 3% risk of failure)
Confirm with . or Enter, or press ? or * to list all spells.
You feel a surge of power!
You conjure some foxfire!
The mummy barely misses you. The mummy closely misses you. The mummy hits you!
The foxfire hits the mummy.
The mummy is burned terribly!
The mummy is severely damaged.
The foxfire hits the mummy.
The mummy is burned terribly!
You destroy the mummy!
Your Conjurations skill increases to level 2!
Casting: Foxfire (safe; 3% risk of failure)
Confirm with . or Enter, or press ? or * to list all spells.
You feel a surge of power!
You conjure some foxfire!
The mummy hits you!
Ouch! That really hurt!
You die...

##+##
#...#
#.∩.#
#v..#
#.@v#
#.MM#
#.....#
#.#.#.#
#######


You could see 2 mummies.

Vanquished Creatures
  A mummy (Ossuary)
  2 adders (D:3)
  An ufetubus (D:4)
  A worm (D:4)
  2 dart slugs
  A ball python (D:1)
  2 bats
  13 endoplasms
  2 giant cockroaches
  3 hobgoblins
  A quokka (D:3)
  5 frilled lizards
  5 goblins
  2 kobolds
  7 rats
48 creatures vanquished.

Vanquished Creatures (collateral kills)
  A foxfire (D:4)
1 creature vanquished.

Vanquished Creatures (others)
  220 foxfires
220 creatures vanquished.

Grand Total: 269 creatures vanquished

Notes
Turn   | Place    | Note
-------+----------+-------------------------------------------
     0 | D:1      | kae the Deep Elf Fire Elementalist began the quest for the
                  | Orb.
     0 | D:1      | Reached XP level 1. HP: 10/10 MP: 6/6
   309 | D:1      | Reached XP level 2. HP: 15/15 MP: 4/8
   366 | D:1      | Noticed a great orb of eyes
   386 | D:1      | Found a faded altar of an unknown god.
   389 | D:1      | Noticed a shining eye
   425 | D:1      | Noticed a golden eye
   469 | D:1      | Noticed a floating eye
  1456 | D:2      | Reached XP level 3. HP: 20/20 MP: 7/9
  1459 | D:2      | Learned a level 2 spell: Scorch
  1463 | D:2      | Learned a level 3 spell: Conjure Flame
  1893 | D:3      | Found a shimmering blue altar of Sif Muna.
  2151 | D:3      | Reached skill level 4 in Fire Magic
  2486 | D:3      | Found a sparkling altar of Nemelex Xobeh.
  3080 | D:3      | Reached skill level 1 in Fighting
  3080 | D:3      | Reached XP level 4. HP: 19/25 MP: 7/11
  3366 | D:4      | Found a blossoming altar of Fedhas.
  3474 | D:4      | Found a sand-covered staircase.
  3513 | Ossuary  | Entered an ossuary
  3520 | Ossuary  | Slain by a mummy

Illustrated notes

Levels and vault maps discovered:
D:1:      nzn_arrival_settlement, layout_basic,
          hellmonk_ecumenical_altar_watching_god
D:2:      layout_basic, grunt_ministairs_7
D:3:      layout_basic, mainiacjoe_overflow_large_starburst
D:4:      layout_rooms, fedhas_ov_isle_minmay, overflow_temple_1_default,
          nicolae_ossuary_entry_monument
Ossuary:  ossuary_minmay_chase

Skill      XL: |  1  2  3  4 |
---------------+-------------+-----
Fire Magic     | 4 |  4.2
Dodging        | 3 |  3.2
Fighting       | 1 |  1.1
Conjurations   | 2 |  2.0
Stealth        | |  2.4
Spellcasting   | |  3.6

Action                   |  1- 3 |  4- 6 || total
-------------------------+-------+-------++-------
 Cast: Foxfire           |   106 |    21 ||   127
       Scorch            |       |     1 ||     1
  Use: Scroll            |     4 |       ||     4
Dodge: Dodged            |     6 |     2 ||     8

Table legend: (Time is in decaauts)
 A = Elapsed time spent in this place.
 B = Non-inter-level travel time spent in this place.
 C = Inter-level travel time spent in this place.
 D = Time resting spent in this place.
 E = Time spent auto-exploring this place.
 F = Levels seen in this place.
 G = Mean time per level.
                   A        B        C        D        E       F      G
               +--------+--------+--------+--------+--------+-----+--------+
         Total |   3518 |   3454 |     64 |      0 |   3058 |   5 |  703.6 |
       Dungeon |   3511 |   3447 |     64 |      0 |   3058 |   4 |  877.8 |
       Ossuary |      6 |      6 |      0 |      0 |      0 |   1 |    6.0 |
               +--------+--------+--------+--------+--------+-----+--------+

Top non-repeatable levels by time:
     D:3: 1443 daAuts
     D:2: 1111 daAuts
     D:1: 780 daAuts
     D:4: 175 daAuts
 Ossuary: 6 daAuts
